 Dungeon Crawl Stone Soup version 0.30.1-11-g7821555f0a (webtiles) character file.

Game seed: 5511123966715486496

2553 Zeor the Slasher (level 9, -9/67 HPs)
             Began as a Demonspawn Gladiator on Nov 1, 2023.
             Was an Initiate of Yredelemnul.
             Killed by divine providence
             ... invoked by an orc priest
              (13 damage)
             ... on level 9 of the Dungeon on Nov 2, 2023.
             The game lasted 00:31:30 (7076 turns).

Zeor the Slasher (Demonspawn Gladiator)             Turns: 7076, Time: 00:31:30

Health: -9/67      AC: 15    Str: 15    XL:     9   Next: 31%
Magic:  16/16      EV: 13    Int: 14    God:    Yredelemnul [......]
Gold:   353        SH:  5    Dex: 16    Spells: 8/17 levels left

rFire   . . .        a - +0 scimitar (protect)
rCold   . . .        (no shield)
rNeg    . . .        B - +3 leather armour
rPois   .            c - +0 helmet
rElec   .            (no cloak)
rCorr   .            q - +0 pair of gloves
SInv    .            (no boots)
Will    .....        r - amulet of reflection
Stlth   ++           (no ring)
HPRegen 0.31/turn    (no ring)
MPRegen 0.30/turn

%: reflection
@: mighty, under a protective aura
A: powered by pain 2, magic regeneration, big brain 1
a: Renounce Religion, Recall Undead Harvest


You were on level 9 of the Dungeon.
You worshipped Yredelemnul.
Yredelemnul was noncommittal.
You visited 2 branches of the dungeon, and saw 9 of its levels.
You also visited: Sewer.

You collected 353 gold pieces.

Inventory:

Hand Weapons
 a - a +0 scimitar of protection (weapon)
 b - the +5 dagger of Zin {freeze, SInv}
   (You found it on level 6 of the Dungeon)

   SInv:      It lets you see invisible.
 m - a +0 long sword
Missiles
 e - a javelin
 t - 3 silver javelins
 v - a throwing net (quivered)
Armour
 c - a +0 helmet (worn)
 q - a +0 pair of gloves (worn)
 B - a +3 leather armour (worn)
Jewellery
 g - an amulet of faith
 r - an amulet of reflection (around neck)
Wands
 d - a wand of mindburst (6)
 u - a wand of iceblast (5)
Scrolls
 p - a scroll of identify
 s - a scroll of poison
 y - a scroll of teleportation
Potions
 f - a potion of flight
 h - a potion of magic
 i - a potion of brilliance {unknown}
 j - 3 potions of cancellation
 k - 2 potions of ambrosia
 l - 2 potions of mutation
 n - a potion of lignification {unknown}
 o - 4 potions of haste
 w - a potion of experience {unknown}
 x - a potion of resistance
 A - a potion of heal wounds


   Skills:
 + Level 4.9 Fighting
 + Level 7.0 Long Blades
 + Level 1.8 Throwing
 + Level 3.1 Armour
 + Level 4.5 Dodging
 + Level 2.1 Stealth
 + Level 2.2 Shields
 * Level 4.7 Spellcasting
 * Level 3.0 Translocations
 * Level 1.1 Invocations


You had 8 spell levels left.
You knew the following spells:

 Your Spells              Type           Power      Damage    Failure   Level
a - Manifold Assault      Tloc           11%        N/A       52%         4
b - Blink                 Tloc           22%        N/A       10%         2
g - Gell's Gravitas       Tloc           11%        N/A       19%         3

Your spell library contained the following spells:

 Spells                   Type           Power      Damage    Failure   Level
 Teleport Other           Tloc           11%        N/A       19%         3
 Static Discharge         Conj/Air       6%         2-3/arc   32%         2
 Passage of Golubria      Tloc           11%        N/A       52%         4
 Airstrike                Air            1%         2d(1-17)  91%         4
 Summon Lightning Spire   Summ/Air       3%         N/A       91%         4
 Dispersal                Tloc           5%         N/A       100%        6
 Malign Gateway           Summ/Tloc      3%         N/A       100%        7
 Storm Form               Tmut/Air       1%         N/A       100%        7


Dungeon Overview and Level Annotations

Branches:
Dungeon (7/15)             Temple (1/1) D:6           Sewer (visited)

Altars:
Ashenzari
Cheibriados
Fedhas
Hepliaklqana
Kikubaaqudgha
Makhleb
Qazlal
Ru
Sif Muna
Uskayaw
Xom
Yredelemnul


Innate Abilities, Weirdness & Mutations

You sometimes gain power by taking damage.
You regenerate magic rapidly.
You have an unusually large brain. (Int +2)


Message History

The two-headed ogre looks even sicker.
The orc hits you but does no damage. x2
You barely miss the orc.
The orc is moderately wounded.
The two-headed ogre is engulfed in poison gas.
The two-headed ogre looks even sicker.
The two-headed ogre misses you.
The two-headed ogre hits you with a +0 giant spiked club!
You block the orc's attack. The orc barely misses you.
You slash the orc!
You kill the orc!
The dead are walking!
The orc hits you but does no damage.
The two-headed ogre is engulfed in poison gas.
The two-headed ogre looks as sick as possible!
You block the orc's attack.
Things that are here:
a +1 hand axe of electrocution; a +0 ring mail You hit the orc but do no damage.
The two-headed ogre hits you with a +0 giant club.
The two-headed ogre barely misses you. The orc barely misses you.
You slash the two-headed ogre!
The two-headed ogre is severely wounded.
Your orc zombie hits the orc priest but does no damage.
The two-headed ogre hits you with a +0 giant club!!
You focus on the pain.
You feel very mighty all of a sudden. The two-headed ogre misses you.
You block the orc's attack.
You slash the two-headed ogre!
The two-headed ogre is almost dead.
Your orc zombie hits the orc priest but does no damage.
The orc barely misses you.
You barely miss the two-headed ogre.
The two-headed ogre is almost dead.
The two-headed ogre hits you but does no damage.
The two-headed ogre hits you with a +0 giant spiked club!!
* * * LOW HITPOINT WARNING * * *
You focus on the pain.
You feel mightier all of a sudden.
The orc priest calls down the wrath of Beogh upon you.
Beogh smites you!
You die...
Your body rises from the dead as a mindless zombie.

∙∙∙∙∙∙∙▒
∙∙∙∙∙∙∙▒ ▒
▒∙∙▒▒∙$▒
▒☼▒▒▒∙∙▒▒∙∙▒
∙○#∙∙∙■∙∙∙▒
#°∙∙▒∙∙∙▒
▒#∙▒▒∙○▒
▒▒▒▒▒▒▒##▒▒°#▒
∙∙∙##☼○##O6○#▒
∙∙∙#☼#°##▒o##▒
∙∙∙°○#○#∙▒oZ#▒
▒▒▒▒☼○∙∙▒▒#○▒
▒▒▒o▒▒▒○#▒ ∙o
■☼☼▒ ∙∙∙ ▒∙°▒
∙∙∙ ▒∙#▒


You could see a two-headed ogre (very poisoned), an orc priest (ally target), an
orc and a friendly orc zombie.

Vanquished Creatures
  3 black bears
  2 ice beasts
  A hornet zombie (D:6)
  2 centaurs
  2 bullfrogs (D:7)
  2 gnoll sergeants
  4 scorpions
  3 jellies (Sewer)
  2 bullfrog zombies
  2 hounds (D:4)
  10 orc priests
  A sleepcap (D:5)
  Ijyb (D:5)
  5 iguanas
  Natasha (twice) (D:2)
  6 orc wizards
  2 killer bee zombies (D:6)
  2 howler monkey zombies (D:6)
  8 gnolls
  4 river rats
  14 adders
  2 shadow imps
  An ufetubus (D:5)
  An orc zombie (D:7)
  5 worms
  3 dart slugs
  31 orcs
  11 ball pythons
  4 bats
  13 endoplasms
  7 giant cockroaches
  9 hobgoblins
  9 jackals
  4 quokkas
  4 frilled lizards
  5 goblins
  6 kobolds
  6 rats
199 creatures vanquished.

Vanquished Creatures (others)
  An orc wizard (D:7)
  A river rat (D:6)
  An orc zombie (D:7)
3 creatures vanquished.

Grand Total: 202 creatures vanquished

Notes
Turn   | Place    | Note
-------+----------+-------------------------------------------
     0 | D:1      | Zeor the Demonspawn Gladiator began the quest for the Orb.
     0 | D:1      | Reached XP level 1. HP: 16/16 MP: 1/1
    70 | D:1      | Reached skill level 3 in Long Blades
    75 | D:1      | Gained mutation: You regenerate magic rapidly. [demonic
                  | ancestry]
    75 | D:1      | Reached XP level 2. HP: 15/22 MP: 2/2
   727 | D:2      | Reached skill level 1 in Spellcasting
   727 | D:2      | Reached XP level 3. HP: 25/27 MP: 4/4
   822 | D:2      | Found a faded altar of an unknown god.
  1193 | D:2      | Noticed Natasha
  1203 | D:2      | Killed Natasha
  1204 | D:2      | Gained mutation: You have an unusually large brain. (Int
                  | +2) [demonic ancestry]
  1204 | D:2      | Reached XP level 4. HP: 16/34 MP: 5/5
  1209 | D:2      | Noticed Natasha
  1218 | D:2      | Killed Natasha
  1507 | D:3      | Reached skill level 1 in Armour
  1722 | D:3      | Reached XP level 5. HP: 17/39 MP: 7/7
  1970 | D:3      | Noticed a centaur
  1974 | D:3      | Killed a centaur
  1975 | D:3      | Reached skill level 4 in Long Blades
  2061 | D:3      | Found a shimmering altar of Xom.
  2165 | D:3      | Reached XP level 6. HP: 40/47 MP: 8/8
  2602 | D:4      | Reached skill level 1 in Stealth
  2796 | D:4      | Reached XP level 7. HP: 19/52 MP: 10/10
  3441 | D:4      | Reached skill level 5 in Long Blades
  3540 | D:4      | Found a snail-covered altar of Cheibriados.
  3878 | D:5      | Entered Level 5 of the Dungeon
  3896 | D:5      | Reached skill level 1 in Shields
  4093 | D:5      | Found a burning altar of Makhleb.
  4093 | D:5      | Noticed an Executioner
  4155 | D:5      | Gained mutation: You sometimes gain a little power by
                  | taking damage. [demonic ancestry]
  4155 | D:5      | Reached XP level 8. HP: 43/60 MP: 13/13
  4235 | D:5      | Noticed Ijyb
  4534 | D:5      | Killed Ijyb
  4552 | D:5      | Learned a level 2 spell: Blink
  4556 | D:5      | Learned a level 3 spell: Gell's Gravitas
  4868 | D:5      | Reached skill level 6 in Long Blades
  5159 | D:6      | Reached skill level 1 in Translocations
  5221 | D:6      | Found a glowing drain.
  5226 | Sewer    | Entered a sewer
  5547 | Sewer    | Found a viscous altar of Jiyva.
  5944 | D:6      | Found a staircase to the Ecumenical Temple.
  5966 | Temple   | Entered the Ecumenical Temple
  6045 | D:6      | Gained mutation: You sometimes gain power by taking damage.
                  | [demonic ancestry]
  6045 | D:6      | Reached XP level 9. HP: 42/67 MP: 15/15
  6257 | D:6      | Got the Elucidation of the Sixfirhy and Location
  6263 | D:6      | Learned a level 4 spell: Manifold Assault
  6412 | D:6      | Found a basalt altar of Yredelemnul.
  6415 | D:6      | Became a worshipper of Yredelemnul the Dark
  6532 | D:6      | Identified the +5 dagger of Zin {freeze, SInv}
  6902 | D:7      | Reached * piety under Yredelemnul
  6920 | D:7      | Reached skill level 7 in Long Blades
  6933 | D:7      | Reached skill level 1 in Invocations
  7051 | D:7      | You fall into a shaft and drop 2 floors!
  7065 | D:9      | Noticed a two-headed ogre
  7076 | D:9      | Killed from afar by an orc priest

Illustrated notes

Levels and vault maps discovered:
D:1:      dpeg_arrival_simpleton_b, layout_loops_ring
D:2:      layout_rooms, basic_ecumenical_altar, uniq_natasha
D:3:      layout_basic, mainiacjoe_overflow_alcove_4, minmay_misc_feat_doors,
          minmay_quantized
D:4:      layout_layer_cave, chei_slow_surprise, minmay_pentangle
D:5:      layout_basic, makhleb_altar_promises_db, uniq_ijyb
D:6:      layout_loops_ring, nicolae_yredelemnul_corpse_copse,
          minmay_temple_entry_wispy, enter_ossuary_1, portal_sewer_entry_a
D:7:      layout_layer_cave
D:9:      layout_gridville, uniq_prince_ribbit1, uniq_erica
Temple:   nicolae_temple_ecumenical_triangle

Skill      XL: |  1  2  3  4  5  6  7  8  9 |
---------------+----------------------------+-----
Long Blades    | 3 4 5 6 7 |  7.0
Dodging        | 3 4 |  4.5
Spellcasting   | 1 2 3 4 |  4.7
Armour         | 1 2 3 |  3.1
Fighting       | 3 4 |  4.9
Stealth        | 1 2 |  2.1
Shields        | 1 2 |  2.2
Translocations | 2 3 |  3.0
Invocations    | 1 |  1.1
Throwing       | |  1.8

Action                     |  1- 3 |  4- 6 |  7- 9 || total
---------------------------+-------+-------+-------++-------
  Melee: Long sword        |    84 |       |       ||    84
         Punch             |     1 |       |     8 ||     9
         Scimitar          |     7 |   154 |   532 ||   693
  Throw: Throwing net      |       |     1 |     2 ||     3
   Cast: Blink             |       |       |     5 ||     5
    Use: Scroll            |     4 |     3 |    11 ||    18
         Potion            |       |     3 |     6 ||     9
   Stab: Sleeping          |     1 |     1 |     4 ||     6
         Held in net/web   |       |       |     1 ||     1
 Armour: Leather armour    |    35 |    64 |   193 ||   292
  Dodge: Dodged            |    71 |   104 |   341 ||   516
  Block: Other             |       |    21 |    96 ||   117
         Reflection        |       |       |     1 ||     1
